 Dungeon Crawl Stone Soup version 0.18.1-6-gd335043 (webtiles) character file.

762 dorian the Agent of Entropy (level 8, -19/58 HPs)
             Began as a Formicid Abyssal Knight on May 17, 2016.
             Was a Priest of Lugonu.
             Demolished by an ogre
             ... wielding a +0 giant club
              (20 damage)
             ... on level 6 of the Dungeon.
             The game lasted 00:08:51 (5269 turns).

dorian the Agent of Entropy (FoAK)                  Turns: 5269, Time: 00:08:52

Health: -19/58     AC: 14    Str: 18    XL:     8   Next: 8%
Magic:  13/13      EV:  5    Int: 13    God:    Lugonu [***...]
Gold:   211        SH:  0    Dex: 10    Spells: 0 memorised, 7 levels left

rFire  + . .     SeeInvis +     E - +0 war axe
rCold  . . .     Gourm    .     y - +0 plate armour
rNeg   . . .     Faith    .     (no shield)
rPois  .         Spirit   .     (helmet unavailable)
rElec  .         Dismiss  .     (no cloak)
rCorr  .         Reflect  .     A - +2 pair of gloves
SustAt .         Harm     .     (no boots)
MR     .....                    (no amulet)
Stlth  ..........               s - ring of protection from fire
                                r - ring of teleportation (curse)

@: not resistant to hostile enchantments, extremely unstealthy
A: permanent stasis, dig shafts and tunnels, four strong arms, antennae 3
a: Dig, Shaft Self, Depart the Abyss, Bend Space, Banish, Renounce Religion


You were on level 6 of the Dungeon.
You worshipped Lugonu.
Lugonu was most pleased with you.
You were not hungry.

You visited 1 branch of the dungeon, and saw 6 of its levels.
You visited the Abyss 1 time.

You collected 211 gold pieces.

Inventory:

Hand Weapons
 a - a +1 hand axe
 E - a +0 war axe (weapon)
   (You took it off an orc on level 6 of the Dungeon)
Armour
 b - a +0 leather armour
 d - a +0 ring mail
   (You found it on level 1 of the Dungeon)
 q - a +0 scale mail
   (You took it off an orc on level 3 of the Dungeon)
 y - a +0 plate armour (worn)
   (You found it on level 4 of the Dungeon)
 A - a +2 pair of gloves (worn)
   (You found it on level 5 of the Dungeon)
 B - a +1 pair of gloves of archery
   (You found it on level 5 of the Dungeon)
Jewellery
 r - a cursed ring of teleportation (left hand)
   (You found it on level 3 of the Dungeon)
 s - a ring of protection from fire (right hand)
   (You found it on level 3 of the Dungeon)
 C - an uncursed ring of see invisible
   (You found it on level 5 of the Dungeon)
Scrolls
 f - 5 scrolls of enchant armour {unknown}
 g - 3 scrolls of fear {unknown}
 h - 3 scrolls of identify {unknown}
 j - a scroll of recharging {unknown}
 m - a scroll of random uselessness {unknown}
 o - a scroll of amnesia {unknown}
 t - 5 scrolls of remove curse {unknown}
 v - a scroll of fog {unknown}
 x - 3 scrolls of teleportation {unknown}
 z - 2 scrolls of noise {unknown}
Potions
 e - 3 potions of curing {unknown}
 i - a potion of might
 k - 2 potions of flight {unknown}
 l - 2 potions of cancellation {unknown}
 u - a potion of cure mutation {unknown}
 w - a potion of berserk rage {unknown}
Comestibles
 c - 5 bread rations
 n - 5 meat rations
 p - 6 fruits
 Z - 5 chunks of flesh


   Skills:
 - Level 3.2 Fighting
 + Level 6.1 Axes
 - Level 2.1 Armour
 - Level 0.8 Dodging
 + Level 7.4 Invocations


You had 7 spell levels left.
You didn't know any spells.

Dungeon Overview and Level Annotations

Branches:
Dungeon (6/15)             Temple (0/1) D:4

Altars:
Elyvilon
Trog


Innate Abilities, Weirdness & Mutations

You are under a permanent stasis effect.
You can dig through walls and to a lower floor.
Your four strong arms can wield two-handed weapons with a shield.
You have a pair of large antennae on your head (SInv).


Message History

No target in view!
No target in view!
You see here a giant gecko corpse.
You butcher the giant gecko corpse.
Z - 6 chunks of flesh (gained 1)
You see here a giant gecko skeleton.
There isn't anything to butcher here.
There isn't anything to butcher here.
There isn't anything to butcher here.
Found an escape hatch in the floor.
You sense a monster nearby.
A jelly comes into view.
The jelly quivers.
The jelly barely misses you.
You hit the jelly.
Your hands burn!
The jelly is moderately wounded.
The jelly hits you but does no damage.
You slash the jelly!
Your hands burn!
The jelly is severely wounded.
The jelly hits you but does no damage.
You hit the jelly.
Your hands burn!
The jelly is almost dead.
The jelly hits you but does no damage.
You slash the jelly!
You kill the jelly!
Lugonu accepts your kill.
No target in view!
You start resting.
Some of the chunks of flesh in your inventory have rotted away.
You sense a monster nearby.
You start resting.
An ogre comes into view. It is wielding a giant club.
You slash the ogre!
The ogre is heavily wounded.
The ogre barely misses you.
You slash the ogre!
The ogre is severely wounded.
The ogre hits you with a giant club!
You barely miss the ogre.
The ogre is severely wounded.
The ogre hits you with a giant club!
* * * LOW HITPOINT WARNING * * *
You hit the ogre.
The ogre is almost dead.
The ogre hits you with a giant club!!
* * * LOW HITPOINT WARNING * * *
You barely miss the ogre.
The ogre is almost dead.
The ogre hits you with a giant club!!
You die...

### #... #...
###...####
.........#########
..................
.......O@...#
#.#...#####.# #...
##.#.#
#.#...###.###.###
.........## ##...
..........###..##
..
..##.##.<..#.....
.#.#
{#...##.........
...# .
>....#.......###
...##.


You could see an ogre.

Vanquished Creatures
  A giant frog (D:5)
  A scorpion (D:5)
  A giant frog zombie (D:6)
  A jelly (D:6)
  A quasit (D:3)
  A hound (D:5)
  An orc priest (D:6)
  A centaur skeleton (D:6)
  2 orc wizards (D:4)
  An iguana (D:4)
  A worker ant (D:4)
  7 gnolls
  6 adders
  An ooze (D:3)
  A worm (D:3)
  3 dart slugs
  5 giant geckos
  13 orcs
  7 bats
  7 giant cockroaches
  7 goblins
  6 hobgoblins
  3 jackals (D:2)
  4 quokkas
  A giant gecko skeleton (D:4)
  5 giant newts
  A jackal zombie (D:6)
  9 kobolds
  8 rats
106 creatures vanquished.

Vanquished Creatures (others)
  A phantom (D:4)
  An orc warrior (D:6)
  An orc priest (D:6)
  A centaur skeleton (D:4)
4 creatures vanquished.

Grand Total: 110 creatures vanquished

Notes
Turn   | Place    | Note
--------------------------------------------------------------
     0 | Abyss:1  | dorian the Formicid Abyssal Knight began the quest for the Orb.
     0 | Abyss:1  | Reached XP level 1. HP: 18/18 MP: 2/2
    19 | D:1      | Escaped the Abyss
   110 | D:1      | HP: 8/18 [hobgoblin/club (6)]
   287 | D:1      | Reached XP level 2. HP: 19/24 MP: 3/3
   355 | D:1      | Reached skill level 3 in Invocations
   608 | D:1      | Reached ** piety under Lugonu
   608 | D:1      | Reached XP level 3. HP: 23/29 MP: 5/5
  1151 | D:2      | Reached skill level 3 in Axes
  1210 | D:2      | Found a white marble altar of Elyvilon.
  1235 | D:2      | Reached XP level 4. HP: 33/35 MP: 6/6
  1535 | D:2      | Reached skill level 4 in Invocations
  1761 | D:3      | Found a faded altar to an unknown god.
  2062 | D:3      | HP: 16/35 [quasit (3)]
  2066 | D:3      | Reached XP level 5. HP: 16/41 MP: 8/8
  2143 | D:3      | Reached *** piety under Lugonu
  2607 | D:4      | Reached skill level 4 in Axes
  2630 | D:4      | Reached skill level 5 in Invocations
  2630 | D:4      | Reached XP level 6. HP: 26/47 MP: 9/9
  2862 | D:4      | Found a staircase to the Ecumenical Temple.
  2872 | D:4      | HP: 16/47 [iguana (8)]
  3461 | D:4      | Noticed a phantom
  3462 | D:4      | Banished a phantom
  3554 | D:4      | Reached skill level 6 in Invocations
  3562 | D:4      | HP: 21/47 [gnoll/halberd (8)]
  3775 | D:5      | Entered Level 5 of the Dungeon
  3790 | D:5      | Reached skill level 5 in Axes
  3790 | D:5      | Reached XP level 7. HP: 45/52 MP: 11/11
  4604 | D:6      | HP: 18/52 [orc priest/divine providence (13)]
  4779 | D:6      | Found a bloodstained altar of Trog.
  4809 | D:6      | Reached skill level 7 in Invocations
  4825 | D:6      | HP: 26/52 [orc/war axe (4)]
  5040 | D:6      | Reached skill level 6 in Axes
  5052 | D:6      | Reached XP level 8. HP: 46/58 MP: 13/13
  5267 | D:6      | HP: 28/58 [ogre/giant club (10)]
  5268 | D:6      | HP: 1/58 [ogre/giant club (27)]
  5269 | D:6      | Demolished by an ogre

Skill      XL: |  1  2  3  4  5  6  7 |
---------------+----------------------+-----
Invocations    | 3 4 5 6 7 |  7.4
Axes           | 3 4 5 6 |  6.1
Fighting       | |  3.2
Armour         | |  2.1
Dodging        | |  0.8

Action                   |  1- 3 |  4- 6 |  7- 9 || total
-------------------------+-------+-------+-------++-------
Melee: Hand axe          |    98 |   190 |    86 ||   374
       War axe           |       |       |    62 ||    62
Invok: Banish            |       |     2 |     4 ||     6
 Abil: Dig               |       |       |     3 ||     3
  Eat: Chunk             |     1 |     9 |     5 ||    15
       Pizza             |       |       |     1 ||     1
Armor: Ring mail         |    37 |     9 |       ||    46
       Leather armour    |     3 |       |       ||     3
       Scale mail        |       |   104 |       ||   104
       Plate armour      |       |     6 |    92 ||    98
Dodge: Dodged            |    48 |   110 |    39 ||   197
